 Dungeon Crawl Stone Soup version 0.30-a0-1050-g2766ea1e55 (webtiles) character file.

Game seed: 5951051494607700817

772 Arcadio the Grave Robber (level 7, -7/32 HPs)
             Began as a Vine Stalker Necromancer on Apr 10, 2023.
             Was an Initiate of Ashenzari.
             Mangled by a hornet (10 damage)
             ... on level 6 of the Dungeon.
             The game lasted 00:11:43 (4698 turns).

Arcadio the Grave Robber (Vine Stalker Necromancer) Turns: 4698, Time: 00:11:43

Health: -7/32      AC:  7    Str: 11    XL:     7   Next: 83%
Magic:  0/15       EV: 18    Int: 17    God:    Ashenzari [......]
Gold:   310        SH:  0    Dex: 14    Spells: 3/16 levels left

rFire   . . .      SeeInvis .    j - +1 rapier
rCold   . . .      Faith    .    (no shield)
rNeg    . . .      Spirit   +    a - +0 robe
rPois   .          Reflect  .    z - +0 helmet
rElec   .          Rampage  .    (no cloak)
rCorr   .                        o - +0 pair of gloves of Curses and Power {Alch, Evo} (curse)
Will    .....                    G - +2 pair of boots
Stlth   ++                       (no amulet)
HPRegen 1.05/turn                v - +5 ring of evasion
MPRegen 0.14/turn                w - +4 ring of slaying

@: lethally poisoned (-7 -> -8), slowed, very slow
A: fangs 2, regeneration 1, magic shield, antimagic bite, no potion heal 2
a: Renounce Religion, Shatter the Chains


You were on level 6 of the Dungeon.
You worshipped Ashenzari.
Ashenzari was noncommittal.
You visited 1 branch of the dungeon, and saw 6 of its levels.

You collected 310 gold pieces.

Inventory:

Hand Weapons
 e - a +0 short sword
 j - a +1 rapier (weapon)
 r - a +0 sling of flaming
Armour
 a - a +0 robe (worn)
 o - the cursed +0 pair of gloves of Curses and Power (worn) {Alch, Evo}
   (You found it on level 2 of the Dungeon)

   It has a curse which improves the following skills: Alchemy: Poison Magic and
   Transmutations.
   Evocations: Evocations.
 z - a +0 helmet (worn)
 G - a +2 pair of boots (worn)
Jewellery
 v - a +5 ring of evasion (left hand)
 w - a +4 ring of slaying (right hand)
 B - a +6 ring of strength
Wands
 n - a wand of digging (6)
 y - a wand of polymorph (8)
 D - a wand of iceblast (7)
Scrolls
 g - a scroll of enchant weapon
 l - a scroll of torment
 m - 2 scrolls of immolation
 s - a scroll of teleportation {unknown}
 t - 2 scrolls of enchant armour {unknown}
 x - 2 scrolls of poison
 A - a scroll of amnesia {unknown}
 E - a scroll of acquirement {unknown}
 F - a scroll of fog {unknown}
Potions
 b - 2 potions of attraction
 c - a potion of brilliance {unknown}
 d - 2 potions of heal wounds {unknown}
 f - a potion of mutation {unknown}
 h - a potion of degeneration {unknown}
 k - a potion of curing {unknown}
 q - 3 potions of berserk rage {unknown}
 u - 3 potions of lignification {unknown}
 C - a potion of cancellation {unknown}


   Skills:
 + Level 4.3 Dodging
 - Level 2.4 Stealth
 + Level 5.2 Spellcasting
 + Level 6.2 Necromancy


You had 3 spell levels left.
You knew the following spells:

 Your Spells              Type           Power      Damage    Failure   Level
a - Necrotise             Necr           100%       1d9       1%          1
b - Vampiric Draining     Necr           25%        2d7       3%          3
c - Animate Dead          Necr           25%        N/A       11%         4
d - Agony                 Necr           25%        N/A       28%         5

Your spell library contained the following spells:

 Spells                   Type           Power      Damage    Failure   Level
 Vhi's Electric Charge    Tloc/Air       8%         N/A       38%         3
 Arcjolt                  Conj/Air       2%         1d12      98%         5
 Maxwell's Capacitive Co  Air            2%         ∞         100%        8


Dungeon Overview and Level Annotations

Branches:
Dungeon (6/15) Zot: 26340
 Temple: D:4-7

Altars:
Ashenzari
Cheibriados
Okawaru


Innate Abilities, Weirdness & Mutations

You have extremely sharp teeth.
Your natural rate of healing is unusually fast.
When hurt, damage is shared between your health and your magic reserves.
Your bite disrupts and absorbs the magic of your enemies.
Potions cannot restore your health.


Message History

You feel as though you will be slow longer.
You hit the hornet. Your bite misses the hornet.
The hornet is severely wounded.
The hornet misses you. The hornet closely misses you. The hornet stings you.
You suddenly lose the ability to move!
The hornet stings you.
You feel as though you will be slow longer.
The hornet stings you but does no damage.
The hornet stings you!
You are poisoned.
You shrug off the repeated paralysis!
You can move again.
Casting: Vampiric Draining (dangerous; 3% risk of failure)
Confirm with . or Enter, or press ? or * to list all spells.
Aiming: Vampiric Draining (dangerous; 3% risk of failure)
Press: ? - help, Shift-Dir - straight line, f/p - hornet
Aim: a hornet (severely wounded)
You draw life force from the hornet!
You feel life coursing into your body.
You feel very sick. The hornet barely misses you.
The hornet closely misses you.
Casting: Vampiric Draining (dangerous; 3% risk of failure)
Confirm with . or Enter, or press ? or * to list all spells.
You don't have enough magic to cast this spell.
Casting: Vampiric Draining (dangerous; 3% risk of failure)
Confirm with . or Enter, or press ? or * to list all spells.
You don't have enough magic to cast this spell.
Unknown command.
You hit the hornet but do no damage. Your bite misses the hornet.
The hornet is almost dead.
You feel very sick.
The hornet stings you but does no damage.
The hornet stings you!
* * * LOW HITPOINT WARNING * * *
You feel as though you will be slow longer.
The hornet barely misses you.
Okay, then.
As you read the scroll labelled KIATHR ETEENOLA, it crumbles to dust.
You feel a surge of unholy energy.
It was a scroll of torment.
You feel sick. The hornet misses you. The hornet stings you!
You die...

####.......#### ####......
#..........# ###.....##..
#.8........########....#####..
#..............#......### ###
####...###.⌠............### #
#.<.# #................#
#...#######.............#
#####...................#
##.......@y............#
##.....................##
#......................#
##.....................##
#......................#
#..............#......##
##..............##.....#
#..............###....##
##.............# ######


You could see a hornet.

Vanquished Creatures
  A water moccasin (D:5)
  3 ogres
  A phantom (D:5)
  A jelly (D:5)
  Jessica (D:3)
  Natasha (thrice) (D:2)
  3 orc wizards (D:5)
  4 gnolls
  4 adders
  A worm (D:5)
  2 dart slugs (D:2)
  7 orcs
  7 endoplasms
  2 giant cockroaches (D:2)
  2 goblins
  3 hobgoblins
  9 kobolds
  4 quokkas
  3 ball pythons
  4 bats
  A frilled lizard (D:1)
  6 rats
72 creatures vanquished.

Vanquished Creatures (collateral kills)
  A giant cockroach (D:2)
  A goblin (D:2)
2 creatures vanquished.

Grand Total: 74 creatures vanquished

Notes
Turn   | Place    | Note
-------+----------+-------------------------------------------
     0 | D:1      | Arcadio the Vine Stalker Necromancer began the quest for
                  | the Orb.
     0 | D:1      | Reached XP level 1. HP: 9/9 MP: 4/4
   172 | D:1      | Reached XP level 2. HP: 11/13 MP: 6/6
   757 | D:2      | Reached XP level 3. HP: 16/16 MP: 5/8
   800 | D:2      | Learned a level 3 spell: Vampiric Draining
  1092 | D:2      | Noticed Natasha
  1098 | D:2      | Killed Natasha
  1099 | D:2      | Gained mutation: Your natural rate of healing is unusually
                  | fast. [Vine Stalker growth]
  1099 | D:2      | Reached XP level 4. HP: 14/21 MP: 1/9
  1139 | D:2      | Noticed Natasha
  1150 | D:2      | Killed Natasha
  1161 | D:2      | Noticed Natasha
  1201 | D:2      | Killed Natasha
  1555 | D:3      | Reached XP level 5. HP: 24/24 MP: 11/11
  1891 | D:3      | Noticed Jessica
  1894 | D:3      | Killed Jessica
  1895 | D:3      | Reached skill level 5 in Necromancy
  2123 | D:4      | Noticed an ogre
  2131 | D:4      | Killed an ogre
  2132 | D:4      | Reached XP level 6. HP: 27/28 MP: 7/13
  2373 | D:4      | Learned a level 4 spell: Animate Dead
  2764 | D:4      | Found a broken altar of Ashenzari.
  2911 | D:4      | Became a worshipper of Ashenzari the Shackled
  3304 | D:5      | Entered Level 5 of the Dungeon
  3328 | D:5      | Reached XP level 7. HP: 27/32 MP: 10/14
  3546 | D:5      | Reached skill level 5 in Spellcasting
  3546 | D:5      | Reached skill level 6 in Necromancy
  3790 | D:5      | Found a snail-covered altar of Cheibriados.
  3871 | D:5      | Found an iron altar of Okawaru.
  4140 | D:6      | Noticed a hornet
  4148 | D:6      | Paralysed by a hornet for 2 turns
  4677 | D:6      | Learned a level 5 spell: Agony
  4693 | D:6      | Paralysed by a hornet for 3 turns
  4698 | D:6      | Mangled by a hornet

Illustrated notes

Levels and vault maps discovered:
D:1:      heliophobic_arrival_battle_scene, layout_rooms,
          nicolae_kite_square_tiling_tiny, st_stairs_12, corexii_corridor_pit,
          chequers_serial_rivers_micro_b
D:2:      layout_loops_ring, uniq_natasha
D:3:      layout_basic, uniq_jessica
D:4:      layout_basic, mainiacjoe_overflow_paths
D:5:      layout_loops_ring, mainiacjoe_overflow_six_doors_small,
          mainiacjoe_overflow_alcove_1
D:6:      layout_cave_pods, serial_shops, nicolae_square_shop,
          nicolae_elevator_lobby_asterisk

Skill      XL: |  1  2  3  4  5  6  7 |
---------------+----------------------+-----
Dodging        | 2 3 4 |  4.3
Spellcasting   | 3 4 5 |  5.2
Necromancy     | 5 6 |  6.2
Stealth        | |  2.4

Action                     |  1- 3 |  4- 6 |  7- 9 || total
---------------------------+-------+-------+-------++-------
  Melee: Short sword       |    23 |       |       ||    23
         Bite              |     9 |    16 |     7 ||    32
         Unarmed           |     1 |       |       ||     1
         Rapier            |    19 |    60 |    27 ||   106
         Punch             |       |       |     1 ||     1
   Cast: Necrotise         |    17 |    32 |    10 ||    59
         Vampiric Draining |     1 |     3 |     4 ||     8
 Invoke: Curse Item        |       |       |     1 ||     1
    Use: Scroll            |       |     2 |     5 ||     7
         Potion            |       |     1 |       ||     1
   Stab: Sleeping          |     5 |       |     2 ||     7
 Armour: Robe              |    16 |    14 |     4 ||    34
  Dodge: Dodged            |    21 |    52 |    25 ||    98

Table legend: (Time is in decaauts)
 A = Elapsed time spent in this place.
 B = Non-inter-level travel time spent in this place.
 C = Inter-level travel time spent in this place.
 D = Time resting spent in this place.
 E = Time spent auto-exploring this place.
 F = Levels seen in this place.
 G = Mean time per level.
                   A        B        C        D        E       F      G
               +--------+--------+--------+--------+--------+-----+--------+
         Total |   4734 |   4583 |    151 |    655 |   3155 |   6 |  789.0 |
       Dungeon |   4734 |   4583 |    151 |    655 |   3155 |   6 |  789.0 |
               +--------+--------+--------+--------+--------+-----+--------+

Top non-repeatable levels by time:
     D:5: 1172 daAuts
     D:4: 1131 daAuts
     D:2: 811 daAuts
     D:3: 800 daAuts
     D:1: 581 daAuts
     D:6: 236 daAuts
